 Dungeon Crawl Stone Soup version 0.30-b1-2-g02819fbbbe (webtiles) character file.

Game seed: 14815511970181578760

26 sanka the Vexing (level 2, -4/20 HPs)
             Began as a Demigod Enchanter on May 17, 2023.
             Slain by a gnoll
             ... wielding a +0 spear
              (6 damage)
             ... on level 1 of the Dungeon.
             The game lasted 00:01:03 (1057 turns).

sanka the Vexing (Demigod Enchanter)                Turns: 1057, Time: 00:01:03

Health: -4/20      AC:  2    Str:  9    XL:     2   Next: 69%
Magic:  7/7        EV: 12    Int: 17    God:
Gold:   82         SH:  0    Dex: 14    Spells: 4/4 levels left

rFire   . . .        a - +1 dagger
rCold   . . .        (no shield)
rNeg    . . .        b - +0 robe
rPois   .            (no helmet)
rElec   .            (no cloak)
rCorr   .            (no gloves)
SInv    .            (no boots)
Will    .....        (no amulet)
Stlth   ++           (no ring)
HPRegen 0.23/turn    (no ring)
MPRegen 0.10/turn

%: no passive effects
@: invisible
A: high MP 1, forlorn, divine attributes
a: no special abilities


You were on level 1 of the Dungeon.
You visited 1 branch of the dungeon, and saw 1 of its levels.

You collected 82 gold pieces.

Inventory:

Hand Weapons
 a - a +1 dagger (weapon)
Armour
 b - a +0 robe (worn)
Scrolls
 d - a scroll of teleportation {unknown}
 e - a scroll of identify {unknown}
 f - 2 scrolls of amnesia {unknown}
Potions
 c - a potion of invisibility
 g - 2 potions of curing {unknown}


   Skills:
 - Level 0.8 Short Blades
 + Level 2.3 Ranged Weapons
 - Level 1.7 Dodging
 - Level 2.6 Stealth
 - Level 1.7 Spellcasting
 - Level 2.6 Hexes


You had 4 spell levels left.
You didn't know any spells.
Your spell library contained the following spells:

 Spells                   Type           Power      Damage    Failure   Level
 Ensorcelled Hibernation  Hex/Ice        12%        N/A       17%         2
 Sandblast                Erth           2%         2d4       21%         1
 Confusing Touch          Hex            10%        N/A       21%         3
 Tukima's Dance           Hex            10%        N/A       21%         3
 Passwall                 Tmut/Erth      0%         N/A       30%         2
 Dazzling Flash           Conj/Hex       12%        N/A       34%         3
 Stone Arrow              Conj/Erth      2%         3d7       52%         3


Dungeon Overview and Level Annotations

Branches:
Dungeon (1/15)


Innate Abilities, Weirdness & Mutations

You have an increased reservoir of magic. (+10% MP)
You shall have no god before yourself.
Your divine heritage dramatically boosts your attributes as you level up.


Message History

The rat is moderately wounded.
The rat barely misses you.
You hit the rat.
You kill the rat!
No target in view!
No target in view!
You now have 82 gold pieces (gained 15).
A gnoll comes into view. It is wielding a +0 spear.
A gnoll is nearby!
A gnoll is nearby!
The helpless gnoll fails to defend itself.
You puncture the gnoll!
The gnoll is heavily wounded.
The gnoll completely misses you. The gnoll closely misses you.
The gnoll hits you from afar with a +0 spear.
The gnoll hits you with a +0 spear.
You hit the gnoll.
The gnoll is severely wounded.
The gnoll hits you with a +0 spear.
You hit the gnoll but do no damage.
The gnoll is severely wounded.
The gnoll hits you with a +0 spear.
You closely miss the gnoll.
The gnoll is severely wounded.
The gnoll hits you with a +0 spear!
* * * LOW HITPOINT WARNING * * *
You hit the gnoll but do no damage.
The gnoll is severely wounded.
The gnoll barely misses you.
You barely miss the gnoll.
The gnoll is severely wounded.
The gnoll misses you.
You fade into invisibility!
The gnoll barely misses you.
A gnoll is nearby!
You hit the gnoll but do no damage.
The gnoll is severely wounded.
The gnoll hits you with a +0 spear.
You die...

###### ############
#..... ##
#..........# #.###.
##.# #..#.#####.#
#.# #. ###...##..#.#
##.## #.###.
.......#..#.####...#
#.....
#.......#.#......#
###...
##.###g##.#.##...#
#... #.##@#.######
##.# #.##g#.# #.#
#....#.# #.#
######.# #.# #.##
#.# #..## #.#
####...##########..
+..................
####...##########..


You could see a gnoll (unable to see you).

Vanquished Creatures
  A dart slug (D:1)
  3 ball pythons (D:1)
  A bat (D:1)
  A goblin (D:1)
  3 hobgoblins (D:1)
  2 jackals (D:1)
  3 quokkas (D:1)
  3 kobolds (D:1)
  5 rats (D:1)
22 creatures vanquished.

Notes
Turn   | Place    | Note
-------+----------+-------------------------------------------
     0 | D:1      | sanka the Demigod Enchanter began the quest for the Orb.
     0 | D:1      | Reached XP level 1. HP: 14/14 MP: 5/5
   227 | D:1      | Reached skill level 1 in Ranged Weapons
   355 | D:1      | Reached XP level 2. HP: 13/20 MP: 7/7
  1053 | D:1      | HP: 1/20 [gnoll/+0 spear (9)]
  1057 | D:1      | Slain by a gnoll

Illustrated notes

Levels and vault maps discovered:
D:1:      dpeg_arrival_chambers_temple_mockup, layout_loops_corners

Skill      XL: |  1  2 |
---------------+-------+-----
Ranged Weapons | 1 2 |  2.3
Short Blades   | |  0.8
Dodging        | |  1.7
Stealth        | |  2.6
Spellcasting   | |  1.7
Hexes          | |  2.6

Action                     || total
---------------------------++-------
  Melee: Dagger            ||    94
    Use: Potion            ||     1
   Stab: Sleeping          ||     4
 Armour: Robe              ||     9
  Dodge: Dodged            ||    54
